 Dungeon Crawl Stone Soup version 0.21.1-1-g345015f (webtiles) character file.

96696 JeffiDaFish the Eclecticist (level 16, -5/93 HPs)
             Began as a Gargoyle Earth Elementalist on Feb 11, 2018.
             Was the Champion of Vehumet.
             Slain by a cyclops (15 damage)
             ... while paralysed by an ogre mage
             ... on level 1 of the Orcish Mines.
             The game lasted 01:43:05 (24139 turns).

JeffiDaFish the Eclecticist (GrEE)                 Turns: 24139, Time: 01:43:06

Health: -5/93      AC: 27    Str: 12    XL:     16   Next: 17%
Magic:  4/44       EV:  2    Int: 27    God:    Vehumet [******]
Gold:   367        SH:  0    Dex: 16    Spells: 4/45 levels left

rFire    . . .     SeeInvis +   C - +4 dire flail (vamp)
rCold    . . .     Gourm    .   (shield currently unavailable)
rNeg     + . .     Faith    +   F - +4 troll leather armour
rPois    ∞         Spirit   .   A - +0 helmet of Insurance {*Contam Regen+ Int+4 Dex+6}
rElec    +         Reflect  .   E - +0 cloak
rCorr    .         Harm     .   a - +2 pair of gloves
MR       +....     Rnd*Tele +   M - +1 pair of boots
Stlth    ++........             m - amulet of faith
HPRegen  0.00/turn              B - ring of magical power
MPRegen  0.29/turn              c - +4 ring of evasion

@: paralysed, flying
A: big wings, see invisible, negative energy resistance 1, electricity
resistance, inhibited regeneration, teleportitis 1, unbreathing, petrification
resistance, rot immunity, AC +12
a: Stop Flying, Renounce Religion


You were on level 1 of the Orcish Mines.
You worshipped Vehumet.
Vehumet was exalted by your worship.
You were very hungry.

You visited 4 branches of the dungeon, and saw 24 of its levels.
You also visited: Sewer and Volcano.

You collected 1806 gold pieces.
You spent 1439 gold pieces at shops.

Inventory:

Hand Weapons
 C - a +4 vampiric dire flail (weapon)
Missiles
 b - 104 stones (quivered)
Armour
 a - a +2 pair of gloves (worn)
 A - the +0 helmet of Insurance (worn) {*Contam Regen+ Int+4 Dex+6}
   (You bought it in a shop on level 7 of the Dungeon)

   It affects your intelligence (+4).
   It affects your dexterity (+6).
   It causes magical contamination when unequipped.
   It increases your rate of regeneration.
 E - a +0 cloak (worn)
 F - a +4 troll leather armour (worn)
 K - a +0 buckler of cold resistance
 M - a +1 pair of boots (worn)
Magical Staves
 H - an uncursed staff of energy
Jewellery
 c - a +4 ring of evasion (right hand)
 m - an amulet of faith (around neck)
 s - an uncursed ring of resist corrosion
 v - an uncursed ring of protection from fire
 y - an uncursed amulet of magic regeneration
 B - a ring of magical power (left hand)
 J - the amulet of Peace {*Drain +Rage Str+2 Int+5 Dex+3}
   (You found it on level 6 of the Lair of Beasts)

   [amulet of rage]

   It affects your strength (+2).
   It affects your intelligence (+5).
   It affects your dexterity (+3).
   It lets you go berserk.
   It causes draining when unequipped.
Wands
 e - a wand of scattershot (3)
 n - a wand of iceblast (9)
Scrolls
 f - 2 scrolls of fog
 i - 13 scrolls of remove curse
 k - 10 scrolls of teleportation
 l - 12 scrolls of identify
 q - a scroll of enchant weapon
 t - 5 scrolls of amnesia
 z - 4 scrolls of fear
 D - a scroll of magic mapping
 N - a scroll of silence
Potions
 g - 11 potions of heal wounds
 h - 9 potions of curing
 j - 6 potions of might
 o - 3 potions of haste
 p - a potion of berserk rage
 u - 3 potions of mutation
 x - a potion of resistance
 G - 2 potions of agility
Books
 w - a book of Power

   Spells                             Type                      Level
   a - Iskenderun's Battlesphere      Conjuration/Charms           5
   b - Venom Bolt                     Conjuration/Poison           5
   c - Bolt of Magma                  Conjuration/Fire/Earth       5
   d - Iron Shot                      Conjuration/Earth            6
   e - Orb of Destruction             Conjuration                  7
   f - Spellforged Servitor           Conjuration/Summoning        7
 L - a book of the Earth

   Spells                             Type                      Level
   a - Leda's Liquefaction            Hexes/Earth                  4
   b - Bolt of Magma                  Conjuration/Fire/Earth       5
   c - Statue Form                    Transmutation/Earth          6
   d - Iron Shot                      Conjuration/Earth            6
   e - Shatter                        Earth                        9
Comestibles
 d - 44 rations
 r - 3 chunks of flesh


   Skills:
 + Level 8.2 Fighting
 - Level 5.1 Maces & Flails
 + Level 6.9 Dodging
 - Level 2.3 Stealth
 * Level 15.3 Spellcasting
 - Level 11.1 Conjurations
 - Level 5.1 Charms
   Level 0.7 Transmutations
 - Level 8.3 Fire Magic
 - Level 5.1 Ice Magic
 * Level 14.6 Earth Magic


You had 4 spell levels left.
You knew the following spells:

 Your Spells              Type           Power        Failure   Level  Hunger
a - Sandblast             Erth           ######       0%          1    None
b - Stone Arrow           Conj/Erth      ######       1%          3    None
c - Lee's Rapid Deconstr  Erth           #######...   1%          5    None
d - Swiftness             Chrm/Air       ####....     1%          2    None
e - Sticky Flame          Conj/Fire      ######..     1%          4    None
f - Bolt of Magma         Conj/Fire/Erth ######....   1%          5    None
g - Freezing Cloud        Conj/Ice/Air   ######....   13%         6    ####...
h - Iron Shot             Conj/Erth      ######....   1%          6    ####...
i - Shatter               Erth           #######...   75%         9    #######


Dungeon Overview and Level Annotations

Branches:
Dungeon (15/15)            Temple (1/1) D:6            Lair (6/6) D:8
 Shoals (0/4) Lair:2        Snake (0/4) Lair:4        Slime (0/5) Lair:6
    Orc (2/2) D:9          Vaults (0/5) D:14         Depths (0/5) D:15
    Elf: Orc:2

Altars:
Ashenzari
Cheibriados
Dithmenos
Elyvilon
Fedhas
Gozag
Hepliaklqana
Kikubaaqudgha
Makhleb
Okawaru
Qazlal
Ru
Sif Muna
Trog
Uskayaw
Vehumet
Wu Jian
Xom
Yredelemnul
Zin
The Shining One
Jiyva

Shops:
D:6 !   D:7 [   D:9 *(   Orc:2 }![

Annotations:
Orc:2 bumaa's ghost, journeyman MiBe


Innate Abilities, Weirdness & Mutations

You are resistant to torment.
Your stone body is resilient. (AC +12)
You are immune to poison.
Your large and strong wings let you fly indefinitely.
You resist negative energy. (rN+)
You are resistant to electric shocks. (rElec)
You can survive without breathing.
You are immune to petrification.
You are immune to rotting.
You have supernaturally acute eyesight. (SInv)
You do not regenerate when monsters are visible.
You are occasionally teleported next to monsters.


Message History

You hit the ogre mage.
You feel better.
The ogre mage is almost dead.
The cyclops burns! x2; The cyclops stops burning.
The cyclops barely misses you. The ogre misses you.
The ogre mage casts a spell at you. You resist with some effort.
You feel much better. The ogre mage barely misses you.
The ogre hits you with a giant club.
The cyclops hits you but does no damage.
The ogre mage points at you and mumbles some strange words.
You suddenly lose the ability to move!
The ogre hits you but does no damage. The ogre mage casts a spell at you.
You shrug off the repeated paralysis!
The cyclops hits you. The ogre hits you with a giant club!
The ogre mage hits you but does no damage.
The ogre mage hits you with a club. The ogre hits you with a giant club!!
* * * LOW HITPOINT WARNING * * *
The cyclops hits you!
You die...

##..........#
##...........#
##....#.[....##
##......)<..###
###...#.......###
##.#...##.#...#..#
#...#..#.##......##
###..#.........C)O.#
#.#............)@O##
...#.)...........##
#..##).##.......)##
.....).###....#)..#
#..............^.##
.................##
..................##
............#......#
..................##


You could see an ogre mage, a cyclops and an ogre.

Vanquished Creatures
  Roxanne (D:15)
  Kirke (D:14)
  A red draconian (Volcano)
  2 ettins
  An ogre mage (Orc:2)
  Snorg (D:14)
  Josephine (D:15)
  A yaktaur captain (D:15)
  A hydra (Lair:5)
  3 catoblepae (Lair:6)
  3 centaur warriors
  A death knight (D:13)
  11 two-headed ogres
  2 dancing weapons (D:14)
  Erica (D:8)
  4 death yaks (Lair:6)
  4 skeletal warriors (D:12)
  A salamander mystic (Volcano)
  2 deep trolls (Orc:1)
  7 unseen horrors
  An orc knight (D:15)
  4 ugly things (D:15)
  An orc sorcerer (Orc:1)
  A shining eye (shapeshifter) (D:13)
  3 cyclopes
  4 manticores
  4 salamanders (Volcano)
  Maurice (D:9)
  4 black mambas
  3 centaur zombies
  A moth of wrath (shapeshifter) (D:15)
  20 elephants
  Joseph (D:12)
  2 molten gargoyles (Volcano)
  Psyche (D:10)
  A torpor snail (Lair:2)
  2 rime drakes
  12 spiny frogs
  7 komodo dragons
  5 yaktaurs
  A queen bee (Lair:3)
  8 trolls
  A polar bear (Lair:4)
  13 blink frogs
  A meliai zombie (D:15)
  6 hippogriffs
  3 dream sheep (Lair:2)
  A centaur simulacrum (D:14)
  3 shadows (D:15)
  2 wyverns
  62 yaks
  3 vampires
  5 wraiths
  A hog (shapeshifter) (D:14)
  2 fire bats (Volcano)
  2 basilisks
  2 hungry ghosts
  3 hogs (D:14)
  6 vampire mosquitoes (D:15)
  2 wargs (Orc:1)
  4 soldier ants
  15 water moccasins
  10 porcupines
  13 orc warriors
  A hornet zombie (D:15)
  2 phantoms
  3 black bears
  3 ice beasts
  2 sky beasts
  A necrophage (D:9)
  A boggart (D:13)
  24 ogres
  8 centaurs
  23 wolves (Lair:4)
  23 crocodiles
  6 big kobolds
  26 bullfrogs
  5 scorpions
  2 water moccasin skeletons
  31 killer bees
  14 wights
  7 howler monkeys
  4 electric eels
  12 crimson imps
  2 quasits
  2 bullfrog zombies
  4 lava snakes (Volcano)
  A wyvern simulacrum (D:14)
  7 hounds
  11 orc priests
  5 centaur skeletons
  3 bullfrog skeletons
  7 jellies
  13 iguanas
  12 orc wizards
  8 worker ants
  A killer bee zombie (D:6)
  2 worker ant zombies
  18 adders
  4 shadow imps
  2 oozes
  5 worms
  2 dart slugs
  13 leopard geckos
  52 orcs
  9 giant cockroaches
  3 goblins
  5 hobgoblins
  20 jackals
  32 kobolds
  2 quokkas
  6 ball pythons
  10 bats
  15 frilled lizards
  2 leopard gecko skeletons
  8 rats
  A plant (Lair:6)
781 creatures vanquished.

Vanquished Creatures (others)
  14 fungi
  12 plants
26 creatures vanquished.

Grand Total: 807 creatures vanquished

Notes
Turn   | Place    | Note
-------+----------+-------------------------------------------
     0 | D:1      | JeffiDaFish the Gargoyle Earth Elementalist began the quest for the Orb.
     0 | D:1      | Reached XP level 1. HP: 10/10 MP: 3/3
   188 | D:1      | Reached XP level 2. HP: 13/15 MP: 1/5
   829 | D:1      | Reached XP level 3. HP: 19/19 MP: 3/6
  1021 | D:2      | Learned a level 3 spell: Stone Arrow
  1129 | D:2      | Found a shadowy altar of Dithmenos.
  1287 | D:2      | Found a stormy altar of Qazlal.
  1292 | D:2      | Found a basalt altar of Yredelemnul.
  1294 | D:2      | Found a white marble altar of Elyvilon.
  1295 | D:2      | Found an ancient bone altar of Kikubaaqudgha.
  1296 | D:2      | Found a sacrificial altar of Ru.
  1577 | D:3      | Found a hazy altar of Hepliaklqana.
  1587 | D:3      | Reached XP level 4. HP: 22/24 MP: 6/8
  2202 | D:3      | Reached skill level 5 in Earth Magic
  2310 | D:4      | Reached skill level 3 in Spellcasting
  2310 | D:4      | Reached XP level 5. HP: 28/28 MP: 9/9
  2316 | D:4      | Found a glowing drain.
  2345 | Sewer    | Entered a sewer
  3078 | D:4      | Reached XP level 6. HP: 25/32 MP: 11/11
  3319 | D:4      | Learned a level 5 spell: Lee's Rapid Deconstruction
  3366 | D:4      | Reached skill level 4 in Spellcasting
  3930 | D:5      | Entered Level 5 of the Dungeon
  4174 | D:5      | Reached XP level 7. HP: 36/36 MP: 8/13
  4348 | D:5      | Reached skill level 5 in Spellcasting
  4461 | D:5      | Identified a scroll of acquirement
  4678 | D:5      | Reached skill level 6 in Spellcasting
  4678 | D:5      | Reached XP level 8. HP: 34/41 MP: 15/17
  5205 | D:6      | Reached skill level 7 in Spellcasting
  5422 | D:6      | Found a staircase to the Ecumenical Temple.
  5455 | Temple   | Entered the Ecumenical Temple
  5725 | D:6      | Found Yddarchu's Distillery.
  5732 | D:6      | Bought a potion of mutation for 112 gold pieces
  5732 | D:6      | Bought a potion of heal wounds for 70 gold pieces
  5813 | D:6      | Found a burning altar of Makhleb.
  5813 | D:6      | Found a radiant altar of Vehumet.
  5822 | D:6      | Became a worshipper of Vehumet
  5900 | D:6      | Identified the +1 scale mail "Ynorghil" {rN+} (You found it on level 6 of the Dungeon)
  5929 | D:7      | Reached skill level 8 in Spellcasting
  5929 | D:7      | Reached XP level 9. HP: 45/45 MP: 14/21
  6089 | D:7      | Learned a level 2 spell: Swiftness
  6200 | D:7      | Found Heuvovauhoh's Antique Armour Boutique.
  6313 | D:7      | Reached * piety under Vehumet
  6313 | D:7      | Offered knowledge of Sting by Vehumet.
  6436 | D:7      | Reached skill level 9 in Spellcasting
  6486 | D:7      | Found a glowing silver altar of Zin.
  6486 | D:7      | Found an opulent altar of Gozag.
  6864 | D:8      | Reached skill level 1 in Conjurations
  6871 | D:8      | Reached skill level 1 in Charms
  7076 | D:8      | Offered knowledge of Magic Dart by Vehumet.
  7078 | D:8      | Reached ** piety under Vehumet
  7105 | D:8      | Noticed Erica
  7113 | D:8      | Killed Erica
  7113 | D:8      | Reached skill level 10 in Earth Magic
  7113 | D:8      | Reached XP level 10. HP: 50/50 MP: 12/23
  7212 | D:8      | Found a staircase to the Lair.
  7423 | D:8      | Reached skill level 10 in Spellcasting
  7607 | D:9      | Found Dise Sas's Assorted Antiques.
  7636 | D:9      | Offered knowledge of Mephitic Cloud by Vehumet.
  7683 | D:9      | Found a staircase to the Orcish Mines.
  7683 | D:9      | Found Isod's Weapon Emporium.
  7706 | D:9      | Reached *** piety under Vehumet
  8001 | D:9      | Noticed Joseph
  8100 | D:9      | Noticed Maurice
  8128 | D:9      | Killed Maurice
  8183 | D:9      | Offered knowledge of Fulminant Prism by Vehumet.
  8458 | D:7      | Bought a transparent helmet for 313 gold pieces
  8468 | D:7      | Identified the cursed +0 helmet of Insurance {*Contam Regen+ Int+4 Dex+6} (You bought it in a shop on level 7 of the Dungeon)
  8683 | D:10     | Entered Level 10 of the Dungeon
  8857 | D:10     | Killed an unseen horror
  8857 | D:10     | Reached XP level 11. HP: 33/54 MP: 23/25
  8943 | D:10     | Found a deep blue altar of Sif Muna.
  9076 | D:10     | Noticed a two-headed ogre
  9089 | D:10     | Killed a two-headed ogre
  9096 | D:10     | Reached **** piety under Vehumet
  9191 | D:10     | Offered knowledge of Sticky Flame by Vehumet.
  9247 | D:10     | Learned a level 4 spell: Sticky Flame
  9249 | D:10     | Reached skill level 11 in Spellcasting
  9280 | D:10     | Reached skill level 5 in Conjurations
  9310 | D:10     | Noticed Psyche
  9310 | D:10     | Reached skill level 5 in Dodging
  9311 | D:10     | Killed Psyche
  9710 | D:10     | You fall through a shaft for 3 floors!
  9735 | D:13     | Found an opulent altar of Gozag.
  9872 | D:13     | Reached ***** piety under Vehumet
  9884 | D:13     | Offered knowledge of Bolt of Magma by Vehumet.
 10056 | D:13     | Learned a level 5 spell: Bolt of Magma
 10142 | D:13     | Killed an unseen horror
 10142 | D:13     | Reached skill level 1 in Fighting
 10260 | D:13     | Reached skill level 1 in Maces & Flails
 10276 | D:13     | Noticed a death knight
 10484 | D:11     | Noticed a manticore
 10489 | D:11     | Killed a manticore
 10628 | D:11     | Reached skill level 5 in Charms
 10636 | D:11     | Reached XP level 12. HP: 63/64 MP: 14/27
 10885 | D:11     | Noticed a two-headed ogre
 10891 | D:11     | Killed a two-headed ogre
 11167 | D:12     | Reached skill level 1 in Fire Magic
 11487 | D:12     | Reached skill level 12 in Spellcasting
 11531 | D:12     | Noticed a two-headed ogre
 11552 | D:12     | Killed a two-headed ogre
 11753 | Lair:1   | Entered Level 1 of the Lair of Beasts
 11842 | Lair:1   | Offered knowledge of Freezing Cloud by Vehumet.
 11864 | Lair:1   | Learned a level 6 spell: Freezing Cloud
 12607 | Lair:2   | Found a staircase to the Shoals.
 12856 | Lair:2   | Reached XP level 13. HP: 72/72 MP: 24/29
 13066 | Lair:2   | Reached skill level 5 in Fighting
 13954 | Lair:3   | Reached skill level 5 in Maces & Flails
 14329 | Lair:3   | Offered knowledge of Fireball by Vehumet.
 14623 | Lair:4   | Reached skill level 13 in Spellcasting
 14827 | Lair:4   | Found a dark tunnel.
 14836 | Volcano  | Entered a volcano
 15043 | Volcano  | Found a burning altar of Makhleb.
 15052 | Volcano  | Noticed a red draconian
 15058 | Volcano  | Reached skill level 5 in Fire Magic
 15065 | Volcano  | Killed a red draconian
 15636 | Lair:4   | Gained mutation: Your large and strong wings let you fly indefinitely. [Gargoyle growth]
 15636 | Lair:4   | Reached XP level 14. HP: 32/78 MP: 6/31
 15826 | Lair:4   | Found a staircase to the Snake Pit.
 15915 | Lair:4   | Reached ****** piety under Vehumet
 16844 | Lair:5   | Offered knowledge of Bolt of Draining by Vehumet.
 17117 | Lair:5   | Reached skill level 14 in Spellcasting
 17474 | Lair:6   | Entered Level 6 of the Lair of Beasts
 17715 | Lair:6   | Reached skill level 1 in Ice Magic
 17855 | Lair:6   | Identified the cursed +2 mace of Sulphur {vamp, Int+4} (You found it on level 6 of the Lair of Beasts)
 17862 | Lair:6   | Found a viscous altar of Jiyva.
 17864 | Lair:6   | Found a staircase to the Slime Pits.
 17901 | Lair:6   | Offered knowledge of Bolt of Fire by Vehumet.
 18051 | Lair:6   | Got a transparent graven amulet
 18052 | Lair:6   | Identified the amulet of Peace {*Drain +Rage Str+2 Int+5 Dex+3} (You found it on level 6 of the Lair of Beasts)
 18776 | Lair:6   | Reached skill level 10 in Conjurations
 19359 | Lair:6   | Learned a level 6 spell: Iron Shot
 19845 | D:12     | Reached XP level 15. HP: 85/85 MP: 19/33
 20118 | D:12     | Killed Joseph
 20236 | D:13     | Gained mutation: You tend to lose your temper in combat. [a shining eye]
 20438 | D:13     | Lost mutation: You tend to lose your temper in combat. [potion of mutation]
 20438 | D:13     | Gained mutation: You do not regenerate when monsters are visible. [potion of mutation]
 20438 | D:13     | Gained mutation: You are occasionally teleported next to monsters. [potion of mutation]
 20438 | D:13     | Gained mutation: You have supernaturally acute eyesight. (SInv) [potion of mutation]
 20738 | D:14     | Noticed Snorg
 20749 | D:14     | Killed Snorg
 20813 | D:14     | Noticed Kirke
 20847 | D:14     | Killed Kirke
 21181 | D:14     | Found a gate to the Vaults.
 21202 | D:14     | Offered knowledge of Poison Arrow by Vehumet.
 21232 | D:14     | Got a crude robe
 21243 | D:14     | Identified the +2 robe of the Volcano {+Blink} (You took it off a yaktaur on level 14 of the Dungeon)
 21678 | D:15     | Entered Level 15 of the Dungeon
 21678 | D:15     | Noticed Josephine
 21681 | D:15     | Killed Josephine
 21872 | D:15     | Noticed Roxanne
 21877 | D:15     | Killed Roxanne
 22009 | D:15     | Reached skill level 15 in Spellcasting
 22361 | D:7      | Bought a runed buckler for 247 gold pieces
 22361 | D:7      | Bought a pair of glowing boots for 247 gold pieces
 22413 | D:9      | Bought a metal-bound book for 450 gold pieces
 22574 | D:15     | Found a staircase to the Depths.
 22629 | D:15     | Found a shadowy altar of Dithmenos.
 23076 | Orc:1    | Entered Level 1 of the Orcish Mines
 23084 | Orc:1    | Offered knowledge of Bolt of Cold by Vehumet.
 23235 | Orc:1    | Paralysed by an orc sorcerer for 4 turns
 23401 | Orc:2    | Entered Level 2 of the Orcish Mines
 23401 | Orc:2    | Found Linwu's Armour Boutique.
 23401 | Orc:2    | Found Xodielio's Distillery.
 23401 | Orc:2    | Found Cerrudghe's Gadget Emporium.
 23401 | Orc:2    | Noticed bumaa's ghost (journeyman MiBe)
 23411 | Orc:2    | Reached XP level 16. HP: 74/92 MP: 30/35
 23413 | Orc:2    | Reached skill level 5 in Ice Magic
 24019 | Orc:1    | Learned a level 9 spell: Shatter
 24136 | Orc:1    | Paralysed by an ogre mage for 4 turns
 24139 | Orc:1    | Slain by a cyclops

Skill      XL: |  1  2  3  4  5  6  7  8  9 10 11 12 13 14 15 16 |
---------------+-------------------------------------------------+-----
Earth Magic    | 4 5 6 7 8 10 11 12 13 14 | 14.6
Dodging        | 2 3 4 5 6 |  6.9
Spellcasting   | 3 4 6 8 9 10 11 12 13 14 15 | 15.3
Conjurations   | 2 4 6 7 9 10 11 | 11.1
Charms         | 2 3 5 |  5.1
Fighting       | 2 4 5 6 7 8 |  8.2
Maces & Flails | 2 4 5 |  5.1
Fire Magic     | 3 5 7 8 |  8.3
Ice Magic      | 2 4 5 |  5.1
Stealth        | |  2.3
Transmutations | |  0.7

Action                   |  1- 3 |  4- 6 |  7- 9 | 10-12 | 13-15 | 16-18 || total
-------------------------+-------+-------+-------+-------+-------+-------++-------
Melee: Unarmed           |    36 |       |       |       |       |       ||    36
       Short sword       |    28 |    69 |       |       |       |       ||    97
       Mace              |     2 |       |       |       |       |       ||     2
       Whip              |       |   132 |   178 |    90 |       |       ||   400
       Dire flail        |       |       |       |   169 |   556 |    21 ||   746
 Cast: Sandblast         |    23 |     9 |    73 |   223 |   312 |       ||   640
       Stone Arrow       |     1 |    14 |    34 |   126 |   196 |     2 ||   373
       Lee's Rapid Decon |       |       |     7 |    19 |    54 |     5 ||    85
       Swiftness         |       |       |     1 |     5 |     9 |     2 ||    17
       Sticky Flame      |       |       |       |     8 |    60 |     5 ||    73
       Bolt of Magma     |       |       |       |     3 |    30 |       ||    33
       Freezing Cloud    |       |       |       |       |     7 |     3 ||    10
       Iron Shot         |       |       |       |       |     7 |    10 ||    17
 Abil: Fly               |       |       |       |       |     1 |       ||     1
  Use: Potion            |     9 |     1 |     2 |       |     4 |     1 ||    17
       Scroll            |     5 |     5 |     9 |    10 |    16 |     1 ||    46
 Stab: Sleeping          |     9 |     1 |     2 |     3 |     2 |       ||    17
  Eat: Chunk             |     3 |     8 |    13 |    22 |    34 |     4 ||    84
       Ration            |       |       |       |       |     1 |       ||     1
Armor: Robe              |    25 |    96 |   100 |   121 |       |       ||   342
       Troll leather arm |       |       |       |    68 |   429 |    43 ||   540
Dodge: Dodged            |    42 |   193 |   132 |   359 |   951 |   153 ||  1830
